 Dungeon Crawl Stone Soup version 0.30.1-4-g462c640d31 (webtiles) character file.

Game seed: 7240423173621651109

80 rvierbuc the Ruffian (level 4, -1/34 HPs)
             Began as a Demonspawn Gladiator on Aug 24, 2023.
             Slain by Grinder (2 damage)
             ... on level 3 of the Dungeon.
             The game lasted 00:05:26 (1888 turns).

rvierbuc the Ruffian (Demonspawn Gladiator)         Turns: 1888, Time: 00:05:27

Health: -1/34      AC: 10    Str: 22    XL:     4   Next: 18%
Magic:  4/4        EV:  9    Int: 10    God:
Gold:   140        SH:  0    Dex: 14    Spells: 3/3 levels left

rFire   . .          .
                       - Unarmed
rCold   . . .        (no shield)
rNeg    . . .        m - +0 chain mail
rPois   +            b - +0 helmet
rElec   .            h - +0 cloak
rCorr   .            (no gloves)
SInv    .            (no boots)
Will    .....        (no amulet) Stlth
                     p - ring of poison resistance
HPRegen 0.25/turn    s - +6 ring of strength
MPRegen 0.09/turn

%: no passive effects
@: mighty
A: claws 1, talons 2, inability to drink after injury 1, inability to read after
injury 1
a: no special abilities


You were on level 3 of the Dungeon.
You visited 1 branch of the dungeon, and saw 3 of its levels.

You collected 140 gold pieces.

Inventory:

Hand Weapons
 j - a +3 dagger of venom
Missiles
 c - 4 throwing nets (quivered)
 d - a javelin
 n - 2 poisoned darts
Armour
 a - a +0 leather armour
 b - a +0 helmet (worn)
 h - a +0 cloak (worn)
 m - a +0 chain mail (worn)
Jewellery
 p - a ring of poison resistance (left claw)
 s - a +6 ring of strength (right claw)
Scrolls
 e - a scroll of identify {unknown}
 f - 4 scrolls of teleportation {unknown}
 k - 2 scrolls of fear {unknown}
 o - 2 scrolls of amnesia {unknown}
 t - a scroll of enchant weapon {unknown}
Potions
 g - a potion of curing {unknown}
 i - a potion of invisibility {unknown}
 l - a potion of mutation
 q - a potion of degeneration {unknown}
 r - a potion of flight {unknown}
 u - a potion of might


   Skills:
 + Level 2.6 Fighting
 + Level 1.8 Throwing
 + Level 0.6 Armour
 + Level 3.1 Dodging
 + Level 0.1 Stealth
 + Level 3.7 Unarmed Combat


You had 3 spell levels left.
You didn't know any spells.
Your spell library contained the following spells:

 Spells                   Type           Power      Damage    Failure   Level
 Poisonous Vapours        Pois/Air       0%         N/A       99%         2
 Mephitic Cloud           Conj/Pois/Air  0%         N/A       100%        3
 Freezing Cloud           Conj/Ice/Air   0%         6-21      100%        5


Dungeon Overview and Level Annotations

Branches:
Dungeon (3/15)

Altars:

Annotations:
D:3 Grinder


Innate Abilities, Weirdness & Mutations

You have sharp fingernails.
You have razor-sharp toenails.
You occasionally lose the ability to drink potions when taking damage.
You occasionally lose the ability to read scrolls when taking damage.


Message History

You claw the goblin!
You kill the goblin!
Grinder zaps a wand.
Some rock shatters into small pieces.
The now-empty wand crumbles to dust.
Things that are here:
a +0 dagger; a goblin corpse You closely miss Grinder.
Grinder hits you.
You writhe in agony.
You scratch Grinder.
Grinder is lightly wounded.
Grinder blinks!
You see here a book of Vapours.
You pick up a book of Vapours and begin reading...
You add the spells Poisonous Vapours, Mephitic Cloud and Freezing Cloud to your library.
Grinder gestures at you.
You suddenly lose the ability to move!
Grinder hits you! Grinder barely misses you. Grinder hits you.
You writhe in agony.
An orc comes into view. It is wielding a +0 trident.
You can move again.
You closely miss Grinder.
Grinder is lightly wounded.
The orc shouts!
You barely miss Grinder. Your claw misses Grinder.
Grinder is lightly wounded.
Grinder gestures at you. Pain shoots through your body!
* * * LOW HITPOINT WARNING * * *
It was a potion of mutation.
You feel extremely strange.
You occasionally lose the ability to drink potions when taking damage.
Your toenails lengthen and sharpen.
You occasionally lose the ability to read scrolls when taking damage.
Your toenails lengthen and sharpen.
Grinder hits you but does no damage.
It was a potion of might.
You feel very mighty all of a sudden. Grinder hits you.
* * * LOW HITPOINT WARNING * * *
You writhe in agony.
You die...

# #### .# ..#### #.#
#.#####.... ..#
#........# .#.#
.....#...##.##.#
..#....@)..##.#
...o....5.#.##.#####
#........##.†......#
########.....#####.#
###...# #.# #...#
#.# #...# #.#
###.#####.#
#.......#


You could see Grinder and an orc.

Vanquished Creatures
  An adder (D:2)
  2 worms (D:2)
  4 dart slugs
  6 orcs (D:3)
  5 endoplasms
  A giant cockroach (D:1)
  6 hobgoblins
  3 ball pythons
  A bat (D:1)
  2 frilled lizards
  5 goblins
  6 kobolds
  7 rats
49 creatures vanquished.

Notes
Turn   | Place    | Note
-------+----------+-------------------------------------------
     0 | D:1      | rvierbuc the Demonspawn Gladiator began the quest for the
                  | Orb.
     0 | D:1      | Reached XP level 1. HP: 16/16 MP: 1/1
   208 | D:1      | Discovered your monstrous ancestry.
   208 | D:1      | Gained mutation: You have sharp fingernails. [demonic
                  | ancestry]
   208 | D:1      | Reached XP level 2. HP: 7/22 MP: 2/2
   903 | D:2      | Reached XP level 3. HP: 12/27 MP: 3/3
  1649 | D:3      | Reached XP level 4. HP: 19/34 MP: 4/4
  1866 | D:3      | Noticed Grinder
  1880 | D:3      | Paralysed by Grinder for 5 turns
  1887 | D:3      | Gained mutation: You occasionally lose the ability to drink
                  | potions when taking damage. [potion of mutation]
  1887 | D:3      | Gained mutation: You have sharp toenails. [potion of
                  | mutation]
  1887 | D:3      | Gained mutation: You occasionally lose the ability to read
                  | scrolls when taking damage. [potion of mutation]
  1887 | D:3      | Gained mutation: You have razor-sharp toenails. [potion of
                  | mutation]
  1888 | D:3      | HP: 1/34 [Grinder (1)]
  1888 | D:3      | Slain by Grinder

Illustrated notes

Levels and vault maps discovered:
D:1:      co_arrival_random_square_maze, layout_basic
D:2:      layout_loops_cross
D:3:      layout_loops_cross, serial_bayou, serial_bayou_pond_e,
          serial_bayou_pond_c, serial_bayou_shore_a, serial_bayou_pond_d,
          uniq_grinder

Skill      XL: |  1  2 |
---------------+-------+-----
Unarmed Combat | 3 |  3.7
Dodging        | 3 |  3.1
Fighting       | |  2.6
Throwing       | |  1.8
Armour         | |  0.6
Stealth        | |  0.1

Action                     |  1- 3 |  4- 6 || total
---------------------------+-------+-------++-------
  Melee: Unarmed           |   120 |    30 ||   150
         Punch             |     3 |     1 ||     4
    Use: Potion            |       |     2 ||     2
 Armour: Leather armour    |    17 |       ||    17
         Chain mail        |    18 |    11 ||    29
  Dodge: Dodged            |    47 |    12 ||    59
